 Dungeon Crawl Stone Soup version 0.19-a0-1704-gbd66c22 (webtiles) character file.

577 hairmachine the Chopper (level 7, -13/45 HPs)
             Began as a Halfling Abyssal Knight on Sept 27, 2016.
             Was a Priest of Lugonu.
             Killed from afar by Pikel (15 damage)
             ... with a wand of acid
             ... on level 5 of the Dungeon.
             The game lasted 00:12:56 (4841 turns).

hairmachine the Chopper (Halfling Abyssal Knight)   Turns: 4841, Time: 00:12:57

Health: -13/45     AC: 10    Str: 14      XL:     7   Next: 62%
Magic:  8/8        EV:  8    Int:  9 (10) God:    Lugonu [***...]
Gold:   170        SH:  0    Dex: 14 (15) Spells: 0 memorised, 6 levels left

rFire  . . .     SeeInvis .     h - +0 war axe
rCold  . . .     Gourm    .     g - +0 chain mail
rNeg   . . .     Faith    .     (shield restricted)
rPois  .         Spirit   .     (no helmet)
rElec  .         Dismiss  .     (no cloak)
rCorr  .         Reflect  .     (no gloves)
MR     .....     Harm     .     (no boots)
Stlth  ..........               (no amulet)
                                (no ring)
                                (no ring)

@: drained
A: mutation resistance 1
a: Depart the Abyss, Bend Space, Banish, Renounce Religion


You were on level 5 of the Dungeon.
You worshipped Lugonu.
Lugonu was most pleased with you.
You were very hungry.

You visited 1 branch of the dungeon, and saw 5 of its levels.
You visited the Abyss 1 time.

You collected 170 gold pieces.

Inventory:

Hand Weapons
 b - a cursed -1 mace
 h - a +0 war axe (weapon)
Missiles
 j - 132 stones (quivered)
Armour
 g - a +0 chain mail (worn)
Scrolls
 d - 5 scrolls of identify {unknown}
 m - 2 scrolls of enchant armour {unknown}
 n - a scroll of noise {unknown}
 o - 3 scrolls of magic mapping {unknown}
 v - 2 scrolls of remove curse {unknown}
 y - a scroll of recharging {unknown}
Potions
 e - a potion of degeneration
Books
 w - a book of Death

   Spells                             Type                      Level
   a - Corpse Rot                     Necromancy                   2
   b - Sublimation of Blood           Necromancy                   2
   c - Agony                          Necromancy                   5
   d - Dispel Undead                  Necromancy                   5
   e - Excruciating Wounds            Charms/Necromancy            5
   f - Bolt of Draining               Conjuration/Necromancy       5
Comestibles
 c - a bread ration
 k - 2 beef jerkies
 p - a slice of pizza
 q - 7 fruits
 r - a meat ration
 s - a royal jelly


   Skills:
 - Level 2.6(2.3) Fighting
 + Level 7.1(6.7) Axes
 - Level 4.3(3.9) Armour
 - Level 1.1(0.7) Dodging
 - Level 2.0(1.6) Invocations


You had 6 spell levels left.
You didn't know any spells.

Dungeon Overview and Level Annotations

Branches:
Dungeon (5/15)
 Temple: D:4-7

Altars:
Dithmenos
Qazlal

Annotations:
D:3 1 runed door
D:5 Pikel


Innate Abilities, Weirdness & Mutations

You are small and have problems with some larger weapons.
You are somewhat resistant to further mutation.


Message History

The leopard gecko closely misses you.
The leopard gecko bites you but does no damage.
Your chain mail prevents you from hitting the leopard gecko.
The leopard gecko barely misses you.
You closely miss the leopard gecko. The leopard gecko barely misses you.
You closely miss the leopard gecko. The leopard gecko closely misses you.
Pikel zaps a wand.
The bolt of acid hits the leopard gecko.
The leopard gecko is splashed with acid.
The acid corrodes the leopard gecko!
The leopard gecko dies!
The bolt of acid misses you.
It is a wand of acid.
Pikel zaps a wand.
The bolt of acid hits you!
You are splashed with acid!
The acid burns!
* * * LOW HITPOINT WARNING * * *
Things that are here:
an animal skin x2; a leopard gecko corpse You closely miss Pikel.
Pikel hits you but does no damage.
Pikel zaps a wand.
The bolt of acid hits you!
You die...

#.. #..# #.# #.#### #
#.#####....####
..#####.#...#.......#
#........8...8...8.#
###........#...#...#
#.....<...###.###.##
###........#...#...# #####
#@.....8...8...8.#
......####........#...#...#
.......ppK.......###.###.##
..$...####....)...#...#...#
..... #......8...8)..8.#
.... #........#...#...# ...
#.......########## ##
#########


You could see Pikel.

Vanquished Creatures
  Grinder (D:3)
  2 slaves (D:5)
  An orc priest (D:2)
  Jessica (D:2)
  Terence (D:3)
  4 orc wizards
  A worker ant (D:5)
  4 adders
  A shadow imp (D:5)
  An ooze (D:2)
  An adder skeleton (D:5)
  A worm (D:2)
  3 dart slugs
  A leopard gecko (D:2)
  13 orcs
  7 giant cockroaches
  3 goblins
  10 hobgoblins
  12 jackals
  A quokka (D:3)
  A ball python (D:2)
  5 bats
  4 frilled lizards
  9 kobolds
  7 rats
95 creatures vanquished.

Vanquished Creatures (others)
  A leopard gecko (D:5)
1 creature vanquished.

Grand Total: 96 creatures vanquished

Notes
Turn   | Place    | Note
-------+----------+-------------------------------------------
     0 | Abyss:1  | hairmachine the Halfling Abyssal Knight began the quest for the Orb.
     0 | Abyss:1  | Reached XP level 1. HP: 15/15 MP: 2/2
     9 | D:1      | Escaped the Abyss
    93 | D:1      | Reached XP level 2. HP: 15/20 MP: 3/3
   294 | D:1      | Reached skill level 3 in Axes
   581 | D:1      | Reached XP level 3. HP: 25/25 MP: 4/4
   627 | D:1      | Reached ** piety under Lugonu
  1107 | D:2      | Reached skill level 4 in Axes
  1107 | D:2      | Reached XP level 4. HP: 29/30 MP: 5/5
  1133 | D:2      | Found a stormy altar of Qazlal.
  1167 | D:2      | Noticed Jessica
  1175 | D:2      | Killed Jessica
  1738 | D:2      | Found a shadowy altar of Dithmenos.
  1827 | D:3      | Noticed Terence
  1880 | D:3      | Killed Terence
  1880 | D:3      | Reached XP level 5. HP: 32/35 MP: 6/6
  1985 | D:3      | Reached skill level 5 in Axes
  2431 | D:2      | Reached XP level 6. HP: 20/41 MP: 7/7
  2703 | D:3      | Reached skill level 6 in Axes
  2738 | D:3      | Noticed Grinder
  3015 | D:4      | Noticed an ogre
  3479 | D:3      | Paralysed by Grinder for 6 turns
  3496 | D:3      | Killed Grinder
  3496 | D:3      | Reached XP level 7. HP: 29/45 MP: 8/8
  3612 | D:3      | Found a runed door.
  3741 | D:3      | Reached *** piety under Lugonu
  4015 | D:3      | Reached skill level 7 in Axes
  4278 | D:4      | HP: 2/45 [ogre/giant club (25)]
  4678 | D:5      | Entered Level 5 of the Dungeon
  4819 | D:5      | Noticed Pikel
  4836 | D:5      | HP: 2/45 [acid (13)]
  4841 | D:5      | Killed from afar by Pikel

Vault maps used:
D:1:      lightli_arrival_flooded_house
D:2:      lemuel_coloured_pillars_altar, grunt_qazlal_clouds,
          mrwooster_statue_mirror, uniq_jessica
D:3:      uniq_grinder, uniq_terence, uniq_crazy_yiuf_cottage
D:5:      grunt_temple_overflow_opulence, kennysheep_mini, first_bread,
          minmay_misc_feat_four_crosses, st_stairs_13, nicolae_zen_rock_garden,
          uniq_pikel

Skill      XL: |  1  2  3  4  5  6  7 |
---------------+----------------------+-----
Axes           | 3 4 5 6 7 |  7.1
Armour         | 3 4 |  4.3
Fighting       | |  2.6
Dodging        | |  1.1
Invocations    | |  2.0

Action                   |  1- 3 |  4- 6 |  7- 9 || total
-------------------------+-------+-------+-------++-------
Melee: Hand axe          |   114 |   254 |    50 ||   418
       War axe           |       |       |    50 ||    50
  Use: Potion            |       |     9 |       ||     9
  Eat: Chunk             |     1 |     8 |     3 ||    12
Armor: Leather armour    |     9 |       |       ||     9
       Chain mail        |    48 |   137 |    53 ||   238
Dodge: Dodged            |    50 |    88 |    40 ||   178
